 Dungeon Crawl Stone Soup version 0.19-a0-212-gd839b17 (webtiles) character file.

30 Steelers13 the Charmwright (level 3, -3/28 HPs)
             Began as a Merfolk Skald on May 24, 2016.
             Slain by Robin
             ... wielding a +2 trident of venom
              (5 damage)
             ... on level 2 of the Dungeon.
             The game lasted 00:06:27 (1380 turns).

Steelers13 the Charmwright (Merfolk Skald)          Turns: 1380, Time: 00:06:29

Health: -3/28      AC:  5    Str: 13    XL:     3   Next: 20%
Magic:  6/6        EV: 11    Int: 11    God:
Gold:   87         SH:  0    Dex: 13    Spells: 1 memorised, 5 levels left

rFire  . . .     SeeInvis .     a - +0 falchion
rCold  . . .     Gourm    .     g - +0 ring mail
rNeg   . . .     Faith    .     (no shield)
rPois  .         Spirit   .     (no helmet)
rElec  .         Dismiss  .     (no cloak)
rCorr  .         Reflect  .     (no gloves)
SustAt .         Harm     .     (no boots)
MR     .....                    (no amulet)
Stlth  +.........               (no ring)
                                (no ring)

@: not resistant to hostile enchantments, very unstealthy
A: change form in water, swift swim
a: no special abilities


You were on level 2 of the Dungeon.
You were not hungry.

You visited 1 branch of the dungeon, and saw 2 of its levels.

You collected 87 gold pieces.

Inventory:

Hand Weapons
 a - a +0 falchion (weapon)
Armour
 b - a +0 leather armour
 e - a +1 robe of fire resistance
 g - a +0 ring mail (worn)
 j - a +0 shield
Scrolls
 f - a scroll of immolation {unknown}
 m - a scroll of teleportation {unknown}
Potions
 i - a potion of berserk rage {unknown}
 l - a potion of curing {unknown}
Books
 c - a book of Battle

   Spells                             Type                      Level
   a - Infusion                       Charms                       1
   b - Shroud of Golubria             Charms/Translocation         2
   c - Song of Slaying                Charms                       2
   d - Spectral Weapon                Hexes/Charms                 3
   e - Regeneration                   Charms/Necromancy            3
Comestibles
 d - a bread ration
 k - a royal jelly


   Skills:
 + Level 2.5 Fighting
 + Level 2.2 Long Blades
 + Level 1.0 Armour
 + Level 2.1 Dodging
 + Level 2.0 Spellcasting
 + Level 3.8 Charms


You had 5 spell levels left.
You knew the following spells:

 Your Spells              Type           Power        Failure   Level  Hunger
a - Infusion              Chrm           #...         14%         1    ##.....


Dungeon Overview and Level Annotations

Branches:
Dungeon (2/15)

Altars:

Annotations:
D:2 Robin


Message History

The goblin is heavily wounded.
The goblin no longer looks unusually strong.
The goblin completely misses you. The goblin barely misses you.
The goblin hits you with a dagger.
* * * LOW HITPOINT WARNING * * *
Robin barely misses you.
You closely miss the goblin.
The hobgoblin no longer looks unusually strong.
The goblin barely misses you. The goblin closely misses you. x2
Robin roars a battlecry!
The goblins go into a battle-frenzy!
Robin hits you from afar with a trident of venom.
* * * LOW HITPOINT WARNING * * *
You hit the goblin.
You kill the goblin!
Your Armour skill increases to level 1!
The goblin no longer looks unusually strong.
The goblin closely misses you.
Robin hits you from afar with a trident of venom.
You die...

#(#############
#(............#
#.(.).#######.#
#.#.......# #.#
#..<..###.###.#
#.#...###.....#.#
#...............#
####...##g#######
.....##@)ggggg.
##.#.##g######.
.##.# #.# #.# #..
###


You could see Robin, a hobgoblin and 5 goblins.

Vanquished Creatures
  A giant gecko (D:1)
  A ball python (D:1)
  5 bats (D:1)
  A giant cockroach (D:1)
  9 goblins
  3 hobgoblins
  A kobold (D:2)
  4 rats
25 creatures vanquished.

Notes
Turn   | Place    | Note
--------------------------------------------------------------
     0 | D:1      | Steelers13 the Merfolk Skald began the quest for the Orb.
     0 | D:1      | Reached XP level 1. HP: 16/16 MP: 3/3
   177 | D:1      | Reached XP level 2. HP: 17/22 MP: 5/5
  1247 | D:1      | Reached XP level 3. HP: 23/28 MP: 6/6
  1367 | D:2      | Noticed Robin
  1380 | D:2      | Reached skill level 1 in Armour
  1380 | D:2      | Slain by Robin

Vault maps used:
D:1:      scummos_arrival_hexagon
D:2:      grunt_temple_overflow_gold_and_silver, ashenzari_altar_1,
          uniq_natasha, uniq_sigmund, uniq_robin

Skill      XL: |  1  2  3 |
---------------+----------+-----
Dodging        | 2 |  2.1
Armour         | 1 |  1.0
Fighting       | |  2.5
Long Blades    | |  2.2
Spellcasting   | |  2.0
Charms         | |  3.8

Action                   || total
-------------------------++-------
Melee: Falchion          ||   106
  Eat: Chunk             ||     2
Armor: Ring mail         ||   129
       Robe              ||     1
Dodge: Dodged            ||   162
